 Dungeon Crawl Stone Soup version 0.29-a0-322-g68df515428 (webtiles) character file.

Game seed: 17739503838535202530

172167 zishaf the Maledictor (level 17, -2/106 HPs)
             Began as a Vampire Enchanter on Apr 6, 2022.
             Was the Champion of Wu Jian.
             Slain by a jumping spider (9 damage)
             ... summoned by a broodmother
             ... on level 2 of the Spider Nest.
             The game lasted 01:58:34 (32239 turns).

zishaf the Maledictor (Vampire Enchanter)          Turns: 32239, Time: 01:58:35

Health: -2/106     AC: 18    Str:  9 (12) XL:     17   Next: 40%
Magic:  25/40      EV:  7    Int: 25 (28) God:    Wu Jian [******]
Gold:   3637       SH:  0    Dex: 14 (17) Spells: 12/36 levels left

rFire   . . .      SeeInvis +   a - +5 dagger (protect)
rCold   + + .      Faith    .   M - +0 kite shield
rNeg    + + +      Spirit   .   n - +3 leather armour "Ficon" {Str+4 Dex+3 Slay+3}
rPois   ∞          Reflect  .   p - +2 hood of the Assassin {Detection Stab+ Stlth++}
rElec   +          Harm     .   x - +0 cloak
rCorr   .          Rampage  .   P - +2 pair of gloves
Will    +....                   (no boots)
Stlth   ++++++++++              Q - amulet of regeneration
HPRegen 0.00/turn               k - ring of Musuisk {rElec MP+9 Str+5 Dex-3}
MPRegen 0.27/turn               h - ring "Tukak" {Fly AC+4 Str-4 Int+3 SInv}

@: flying, held, bloodless, inhibited regen
A: bloodless, fangs 3, see invisible, vampiric 2, iridescent scales 1, agile 1
a: Bat Form, Revivify, Renounce Religion, Wall Jump, Serpent's Lash, Heavenly
Storm


You were on level 2 of the Spider Nest.
You worshipped Wu Jian.
Wu Jian was exalted by your worship.
You visited 5 branches of the dungeon, and saw 27 of its levels.

You collected 5157 gold pieces.
You spent 1520 gold pieces at shops.

Inventory:

Hand Weapons
 a - a +5 dagger of protection (weapon)
 b - a +1 hunting sling
 w - a +2 dagger of venom
 H - the +2 dagger "Zuthruits" {protect, rElec rC+}
   (You found it on level 2 of the Dungeon)

   It grants its wielder temporary protection when it strikes (+7 to AC).
   rC:        It protects you from cold.
   rElec:     It insulates you from electricity.
Missiles
 A - 2 throwing nets
 C - 67 poisoned darts (quivered)
Armour
 f - a +3 leather armour of cold resistance
 n - the +3 leather armour "Ficon" (worn) {Str+4 Dex+3 Slay+3}
   (You found it on level 5 of the Dungeon)

   Str:       It affects your strength (+4).
   Dex:       It affects your dexterity (+3).
   Slay:      It affects your accuracy & damage with ranged weapons and melee
   (+3).
 p - the +2 hood of the Assassin (worn) {Detection Stab+ Stlth++}
   (You found it on level 5 of the Dungeon)

   It allows the wearer to sense nearby creatures.
   It allows the wearer to make particularly effective stabbing attacks against
   helpless or unaware enemies with any weapon.
   Stlth:     It makes you much more stealthy.
 x - a +0 cloak (worn)
 M - a +0 kite shield (worn)
 P - a +2 pair of gloves (worn)
Jewellery
 e - the ring of Obsession {Fire Int+5}
   (You acquired it on level 5 of the Dungeon)

   [ring of fire]

   It enhances your fire magic.
   Int:       It affects your intelligence (+5).
   rF:        It protects you from fire.
   rC:        It makes you vulnerable to cold.
 h - the ring "Tukak" (right hand) {Fly AC+4 Str-4 Int+3 SInv}
   (You found it on level 5 of the Dungeon)

   [ring of protection]

   AC:        It affects your AC (+4).
   Str:       It affects your strength (-4).
   Int:       It affects your intelligence (+3).
   SInv:      It lets you see invisible.
   Fly:       It grants you flight.
 k - the ring of Musuisk (left hand) {rElec MP+9 Str+5 Dex-3}
   (You found it on level 5 of the Dungeon)

   [ring of magical power]

   Str:       It affects your strength (+5).
   Dex:       It affects your dexterity (-3).
   rElec:     It insulates you from electricity.
   MP:        It affects your magic capacity (+9).
 m - a +6 ring of intelligence
 K - a ring of wizardry
 Q - an amulet of regeneration (around neck)
 R - a ring of ice
 T - a +4 ring of protection
 X - an amulet of the acrobat
 Z - a ring of protection from cold
Wands
 u - a wand of mindburst (8)
 N - a wand of iceblast (16)
 Y - a wand of paralysis (7)
Scrolls
 r - 13 scrolls of teleportation
 s - a scroll of torment
 t - a scroll of silence
 y - 3 scrolls of blinking
 F - 2 scrolls of brand weapon
 G - 3 scrolls of enchant weapon
 I - 5 scrolls of fog
 J - a scroll of fear
 L - 2 scrolls of identify
 O - 3 scrolls of enchant armour
 S - 4 scrolls of amnesia
 V - 3 scrolls of magic mapping
Potions
 c - 4 potions of invisibility
 d - 2 potions of cancellation
 g - a potion of berserk rage
 i - 14 potions of curing
 l - 3 potions of flight
 o - 4 potions of resistance
 q - 2 potions of mutation
 v - 3 potions of attraction
 z - 6 potions of heal wounds
 B - 2 potions of haste
 D - 6 potions of ambrosia
 E - 8 potions of lignification
 U - 5 potions of might


   Skills:
 - Level 12.0 Fighting
 - Level 10.0 Short Blades
 - Level 3.0 Armour
 - Level 6.0 Dodging
 - Level 15.0 Stealth
 * Level 13.2 Shields
 - Level 10.0 Spellcasting
 + Level 21.8 Hexes
 + Level 6.2 Summonings
 - Level 5.0 Ice Magic


You had 12 spell levels left.
You knew the following spells:

 Your Spells              Type           Power      Damage    Failure   Level
a - Confusing Touch       Hex            89%        N/A       0%          3
b - Tukima's Dance        Hex            89%        N/A       0%          3
c - Ensorcelled Hibernat  Hex/Ice        100%       N/A       1%          2
d - Dazzling Flash        Conj/Hex       100%       N/A       1%          3
e - Cause Fear            Hex            44%        N/A       0%          4
f - Summon Small Mammal   Summ           100%       N/A       1%          1
g - Discord               Hex            44%        N/A       11%         8

Your spell library contained the following spells:

 Spells                   Type           Power      Damage    Failure   Level
 Inner Flame              Hex/Fire       61%        N/A       1%          3
 Portal Projectile        Hex/Tloc       100%       N/A       1%          3
 Summon Guardian Golem    Hex/Summ       70%        N/A       1%          3
 Fulminant Prism          Conj/Hex       30%        3d16      1%          4
 Leda's Liquefaction      Hex/Erth       30%        N/A       1%          4
 Summon Mana Viper        Hex/Summ       70%        N/A       1%          5
 Call Canine Familiar     Summ           43%        N/A       3%          3
 Magic Dart               Conj           48%        1d5       13%         1
 Corpse Rot               Necr/Air       24%        N/A       19%         2
 Poisonous Vapours        Pois/Air       24%        N/A       19%         2
 Searing Ray              Conj           24%        2d5       19%         2
 Sublimation of Blood     Necr           12%        N/A       19%         2
 Wereblood                Tmut           12%        N/A       19%         2
 Animate Armour           Summ/Erth      56%        N/A       34%         4
 Conjure Flame            Conj/Fire      12%        6-21      36%         3
 Gell's Gravitas          Tloc           12%        N/A       36%         3
 Ignite Poison            Fire/Tmut/Pois 12%        N/A       36%         3
 Mephitic Cloud           Conj/Pois/Air  12%        N/A       36%         3
 Stone Arrow              Conj/Erth      24%        3d8       36%         3
 Teleport Other           Tloc           12%        N/A       36%         3
 Summon Forest            Summ/Tloc      14%        N/A       69%         5
 Dispel Undead            Necr           12%        3d9       77%         4
 Sticky Flame             Conj/Fire      12%        2d4       77%         4
 Summon Cactus Giant      Summ           21%        N/A       83%         6
 Freezing Cloud           Conj/Ice/Air   10%        6-21      88%         5
 Blade Hands              Tmut           6%         N/A       98%         5
 Excruciating Wounds      Necr           6%         N/A       98%         5
 Death Channel            Necr           6%         N/A       100%        6
 Dispersal                Tloc           6%         N/A       100%        6
 Summon Hydra             Summ           21%        N/A       100%        7
 Lehudib's Crystal Spear  Conj/Erth      6%         10d3      100%        8


Dungeon Overview and Level Annotations

Branches:
Dungeon (15/15)            Temple (1/1) D:5            Lair (6/6) D:10
  Swamp (0/4) Lair:4       Spider (3/4) Lair:2        Slime (0/5) Lair:5
    Orc (2/2) D:10            Elf (0/3) Orc:2        Vaults (0/5) D:14
 Depths (0/4) D:15

Altars:
Ashenzari
Cheibriados
Dithmenos
Elyvilon
Fedhas
Gozag
Hepliaklqana
Kikubaaqudgha
Makhleb
Nemelex Xobeh
Okawaru
Qazlal
Ru
Sif Muna
Trog
Uskayaw
Vehumet
Wu Jian
Xom
Yredelemnul
Zin
The Shining One
Beogh

Shops:
D:2 (   D:3 =   D:11 ?   D:13 :   Orc:2 !!*!

Portals:
Trove: D:12 (give +2 gold dragon scales)

Annotations:
D:13 knight


Innate Abilities, Weirdness & Mutations

You do not regenerate when monsters are visible.
You are frail without blood (-20% HP).
You can heal yourself when you bite living creatures.
You are immune to poison.
You have razor-sharp teeth.
You have supernaturally acute eyesight. (SInv)
You are afflicted with vampirism and can become a bat while bloodless.
You are partially covered in iridescent scales. (AC +2)
You are agile. (Dex +2)


Message History

The tarantella disappears in a puff of smoke! x2
There is a stone staircase leading down here.
Casting: Ensorcelled Hibernation (safe; 1% risk of failure)
Confirm with . or Enter, or press ? or * to list all spells.
Aiming: Ensorcelled Hibernation (safe; 1% risk of failure)
Press: ? - help, Shift-Dir - straight line, f - broodmother
Aim: a broodmother (chance to affect: 37%)
The broodmother easily resists.
The broodmother bites you but does no damage.
Casting: Ensorcelled Hibernation (safe; 1% risk of failure)
Confirm with . or Enter, or press ? or * to list all spells.
Aiming: Ensorcelled Hibernation (safe; 1% risk of failure)
Press: ? - help, Shift-Dir - straight line, f/p - broodmother
Aim: a broodmother (chance to affect: 37%)
The broodmother easily resists.
The broodmother closely misses you.
Casting: Ensorcelled Hibernation (safe; 1% risk of failure)
Confirm with . or Enter, or press ? or * to list all spells.
Aiming: Ensorcelled Hibernation (safe; 1% risk of failure)
Press: ? - help, Shift-Dir - straight line, f/p - broodmother
Aim: a broodmother (chance to affect: 37%)
The broodmother easily resists.
The broodmother bites you!!
A spider bursts forth from the wound!
You block the broodmother's attack.
Casting: Ensorcelled Hibernation (safe; 1% risk of failure)
Confirm with . or Enter, or press ? or * to list all spells.
Aiming: Ensorcelled Hibernation (safe; 1% risk of failure)
Press: ? - help, Shift-Dir - straight line, f/p - broodmother
Aim: a broodmother (chance to affect: 37%)
The broodmother easily resists.
The broodmother bites you!!
* * * LOW HITPOINT WARNING * * *
Casting: Ensorcelled Hibernation (safe; 1% risk of failure)
Confirm with . or Enter, or press ? or * to list all spells.
Aiming: Ensorcelled Hibernation (safe; 1% risk of failure)
Press: ? - help, Shift-Dir - straight line, f/p - broodmother
Aim: a broodmother (chance to affect: 37%)
The broodmother looks drowsy...
The jumping spider pounces on you.
* * * LOW HITPOINT WARNING * * *
You are caught in a web!
The jumping spider bites you.
* * * LOW HITPOINT WARNING * * *
The jumping spider pounces on you!
You die...

### ..# ..#
########## ..#
###........###
..####............##
..##..^............#
#.................##
###.............@s##
##............s..#
##.............##
#.............#
#...........#^#
#####..........####
.....#.##.....##
####...####..##
####.##.###..#


You could see a broodmother (asleep) and a jumping spider (summoned).

Vanquished Creatures
  Rupert (Lair:5)
  Kirke (D:15)
  An emperor scorpion (Spider:2)
  2 ghost moths
  2 broodmothers (Spider:2)
  2 entropy weavers (Spider:2)
  Snorg (Lair:5)
  A spark wasp (Spider:2)
  The ghost of Fiha the Thaumaturge, a journeyman VSTm of Dithmenos (Lair:4)
  A rakshasa (D:15)
  A great orb of eyes (D:15)
  13 hydras
  2 boulder beetles
  Erolcha (Orc:1)
  9 centaur warriors
  An ogre mage (D:14)
  6 two-headed ogres
  The ghost of Psyclone the Frost Mage, a journeyman OpIE of Sif Muna (D:11)
  A dancing weapon (D:11)
  A death knight (D:15)
  10 death yaks
  A tengu warrior (D:13)
  An orc high priest (Orc:2)
  A deep elf knight (D:13)
  A skeletal warrior (D:15)
  The ghost of SirDiesAlot the Skirmisher, a novice MiWr of the Shining One (D:8)
  7 pharaoh ants
  3 steelbarb worms
  4 orb spiders
  3 bog bodies (Lair:4)
  2 orc knights
  Pikel (D:8)
  14 wolf spiders
  A deep elf zephyrmancer (D:14)
  4 orc sorcerers (Orc:2)
  A deep elf pyromancer (D:14)
  8 cyclopes
  4 manticores
  15 ugly things
  Maurice (D:11)
  4 black mambas
  An elephant (shapeshifter) (D:15)
  6 elephants (Lair:6)
  3 torpor snails
  A gargoyle (D:12)
  21 cane toads
  2 efreet (D:14)
  4 rime drakes
  3 demonic crawlers
  3 freezing wraiths (D:15)
  A kobold demonologist (D:11)
  11 komodo dragons
  A tengu conjurer (D:13)
  4 yaktaurs (D:14)
  A queen bee (Lair:2)
  6 trolls
  12 polar bears
  5 hornets (Lair:6)
  18 tarantellas
  12 slime creatures
  14 blink frogs
  5 dream sheep (Lair:6)
  26 jumping spiders
  A centaur simulacrum (D:15)
  11 culicivoras
  A shadow (D:5)
  A water elemental (D:14)
  An air elemental (D:14)
  Sigmund (D:3)
  13 spriggans (Lair:6)
  5 wyverns
  A fire elemental (D:14)
  46 yaks
  2 vampires
  3 wraiths
  9 vampire mosquitoes
  31 redbacks
  2 steam dragons
  5 basilisks
  A swamp worm (Lair:4)
  A warg (Orc:2)
  6 acid dragons
  Menkaure (D:7)
  17 water moccasins
  24 orc warriors
  2 ice beasts
  14 black bears
  5 ogres
  26 wolves
  8 boggarts
  12 centaurs
  A phantom (D:5)
  6 kobold brigands
  2 gnoll sergeants
  16 bullfrogs
  3 necrophages
  4 scorpions
  An earth elemental (D:14)
  2 wights
  23 killer bees (Lair:2)
  5 howler monkeys
  3 electric eels
  3 lava snakes (Lair:2)
  5 quasits (D:8)
  Crazy Yiuf (D:3)
  16 orc priests
  A gnoll shaman (D:6)
  A hound (D:7)
  7 jellies
  3 iguanas
  29 orc wizards
  6 adders
  20 gnolls
  2 river rats (Lair:1)
  A shadow imp (D:6)
  2 white imps
  An ufetubus (D:5)
  2 worms
  4 dart slugs
  63 orcs
  11 ball pythons
  6 endoplasms
  4 giant cockroaches
  13 hobgoblins
  2 jackals (D:1)
  2 quokkas
  8 bats
  3 frilled lizards (D:2)
  9 goblins
  71 kobolds
  8 rats
916 creatures vanquished.

Vanquished Creatures (collateral kills)
  6 wights
6 creatures vanquished.

Vanquished Creatures (others)
  A pharaoh ant (Spider:3)
  6 humans (D:15)
  A centaur (D:11)
  An orc (Orc:2)
  A bush (Lair:6)
  29 fungi
  56 plants
95 creatures vanquished.

Grand Total: 1017 creatures vanquished

Notes
Turn   | Place    | Note
-------+----------+-------------------------------------------
     0 | D:1      | zishaf the Vampire Enchanter began the quest for the Orb.
     0 | D:1      | Reached XP level 1. HP: 13/13 MP: 3/3
   155 | D:1      | Reached XP level 2. HP: 6/19 MP: 5/5
   167 | D:1      | Learned a level 2 spell: Ensorcelled Hibernation
   545 | D:1      | Gained mutation: You are afflicted with vampirism and can
                  | become a bat while bloodless. [Vampire growth]
   545 | D:1      | Reached XP level 3. HP: 24/24 MP: 6/6
   803 | D:1      | Reached skill level 5 in Stealth
  1164 | D:2      | Found Wenihiom's Antique Weapon Shop.
  1191 | D:2      | Identified the +2 dagger "Zuthruits" {protect, rElec rC+}
  1252 | D:2      | Reached skill level 5 in Hexes
  1282 | D:2      | Learned a level 3 spell: Confusing Touch
  1291 | D:2      | Reached skill level 1 in Ice Magic
  1423 | D:2      | Reached XP level 4. HP: 30/30 MP: 2/7
  1924 | D:3      | Noticed a scorpion
  1943 | D:3      | Killed a scorpion
  1982 | D:3      | Reached XP level 5. HP: 35/35 MP: 0/8
  2113 | D:3      | Found a runed translucent door.
  2114 | D:3      | Noticed Crazy Yiuf
  2121 | D:3      | Killed Crazy Yiuf
  2273 | D:3      | Noticed Sigmund
  2278 | D:3      | Found Kuufoonn's Jewellery Boutique.
  2279 | D:3      | Killed Sigmund
  2280 | D:3      | Reached XP level 6. HP: 41/41 MP: 8/10
  2387 | D:3      | Found a stormy altar of Qazlal.
  2394 | D:3      | Found a blossoming altar of Fedhas.
  2395 | D:3      | Found a basalt altar of Yredelemnul.
  2453 | D:3      | Found a burning altar of Makhleb.
  2453 | D:3      | Found an opulent altar of Gozag.
  2453 | D:3      | Found a snail-covered altar of Cheibriados.
  2453 | D:3      | Found a hazy altar of Hepliaklqana.
  2453 | D:3      | Found a shadowy altar of Dithmenos.
  2454 | D:3      | Found a hide-covered altar of Uskayaw.
  2455 | D:3      | Found an ancient bone altar of Kikubaaqudgha.
  2457 | D:3      | Found a broken altar of Ashenzari.
  2770 | D:3      | Reached skill level 6 in Hexes
  2929 | D:3      | Learned a level 3 spell: Tukima's Dance
  3228 | D:3      | Reached XP level 7. HP: 43/46 MP: 11/11
  3905 | D:4      | Identified the +3 falchion of Welfare {holy, SInv}
  4425 | D:4      | Reached skill level 7 in Hexes
  4629 | D:5      | Entered Level 5 of the Dungeon
  4637 | D:5      | Identified 3 scrolls of acquirement
  4637 | D:5      | Acquired 910 gold pieces
  4639 | D:5      | Acquired 1102 gold pieces
  4641 | D:5      | Acquired the ring of Obsession {Fire Int+5}
  4652 | D:5      | Found a large runed translucent door.
  4652 | D:5      | Found the +2 hood of the Assassin {Detection Stab+ Stlth++}
  4927 | D:5      | Found a large runed translucent door.
  4928 | D:5      | Noticed a komodo dragon
  4988 | D:5      | Reached skill level 5 in Dodging
  5074 | D:5      | Found a large runed translucent door.
  5074 | D:5      | Found a large runed translucent door.
  5229 | D:5      | Reached skill level 5 in Short Blades
  5229 | D:5      | Reached XP level 8. HP: 52/52 MP: 12/12
  5235 | D:5      | Identified the ring "Tukak" {Fly AC+4 Str-4 Int+3 SInv}
  5265 | D:5      | Found a staircase to the Ecumenical Temple.
  5276 | Temple   | Entered the Ecumenical Temple
  5298 | Temple   | Became a worshipper of the Wu Jian Council
  5374 | D:5      | Reached skill level 8 in Hexes
  5412 | D:5      | Reached skill level 9 in Hexes
  5507 | D:5      | Identified the ring of Musuisk {rElec MP+9 Str+5 Dex-3}
  6078 | D:5      | Killed a komodo dragon
  6079 | D:5      | Reached skill level 10 in Hexes
  6086 | D:5      | Identified the +3 leather armour "Ficon" {Str+4 Dex+3
                  | Slay+3}
  6170 | D:6      | Reached XP level 9. HP: 57/57 MP: 13/13
  6407 | D:6      | Reached * piety under Wu Jian
  6486 | D:5      | Reached skill level 11 in Hexes
  6570 | D:5      | Learned a level 3 spell: Dazzling Flash
  7023 | D:7      | Reached skill level 12 in Hexes
  7354 | D:7      | Noticed a two-headed ogre
  7372 | D:7      | Killed a two-headed ogre
  7373 | D:7      | Reached skill level 1 in Fighting
  7373 | D:7      | Reached XP level 10. HP: 65/65 MP: 14/14
  7384 | D:7      | Reached skill level 13 in Hexes
  7389 | D:7      | Reached ** piety under Wu Jian
  7451 | D:7      | Noticed Menkaure
  7475 | D:7      | Killed Menkaure
  8131 | D:8      | Found a transporter.
  8135 | D:8      | Noticed SirDiesAlot's ghost (novice MiWr)
  8165 | D:8      | Reached skill level 1 in Shields
  8273 | D:8      | Found a transporter.
  8499 | D:8      | Noticed Pikel
  8505 | D:8      | Killed Pikel
  8672 | D:9      | Reached skill level 10 in Short Blades
  9516 | D:10     | Entered Level 10 of the Dungeon
  9570 | D:10     | Reached *** piety under Wu Jian
  9578 | D:10     | Reached skill level 5 in Ice Magic
  9664 | D:10     | Noticed an orc knight
  9669 | D:10     | Killed an orc knight
  9670 | D:10     | Reached skill level 14 in Hexes
  9772 | D:10     | Reached XP level 11. HP: 76/76 MP: 15/15
  9817 | D:10     | Noticed a two-headed ogre
  9820 | D:10     | Killed a two-headed ogre
  9851 | D:10     | Found a staircase to the Orcish Mines.
  9852 | D:10     | Noticed an eight-headed hydra
 10338 | D:10     | Noticed a seven-headed hydra
 10483 | D:10     | Noticed a two-headed ogre
 10486 | D:10     | Killed a two-headed ogre
 10487 | D:10     | Reached skill level 5 in Fighting
 10673 | D:10     | Reached skill level 10 in Stealth
 10856 | D:10     | Killed an eight-headed hydra
 10857 | D:10     | Reached skill level 15 in Hexes
 10873 | D:10     | Reached skill level 5 in Shields
 10915 | D:10     | Found a staircase to the Lair.
 11204 | D:11     | Noticed an eight-headed hydra
 11334 | D:10     | Found a staircase to the Orcish Mines.
 11637 | D:10     | Killed a seven-headed hydra
 11718 | D:11     | Noticed a green ugly thing
 11725 | D:11     | Killed a green ugly thing
 11803 | D:11     | Reached XP level 12. HP: 86/88 MP: 12/18
 11923 | D:11     | Found Plog's Magic Scroll Shop.
 11929 | D:11     | Noticed Maurice
 11938 | D:11     | Killed Maurice
 11938 | D:11     | Reached **** piety under Wu Jian
 11987 | D:11     | Found a runed translucent door.
 11989 | D:11     | Found a shimmering altar of Xom.
 11989 | D:11     | Noticed Psyclone's ghost (journeyman OpIE)
 12091 | D:11     | Killed Psyclone's ghost
 12170 | D:11     | Reached skill level 16 in Hexes
 12525 | D:11     | Killed an eight-headed hydra
 12622 | D:12     | Noticed a four-headed hydra
 12628 | D:12     | Killed a four-headed hydra
 12714 | D:12     | Noticed a centaur warrior
 12716 | D:12     | Killed a centaur warrior
 12904 | D:12     | Gained mutation: You have hidden genetic defects. [potion
                  | of mutation]
 12905 | D:12     | Lost mutation: You have hidden genetic defects. [potion of
                  | mutation]
 12905 | D:12     | Gained mutation: Armour fits poorly on your strangely
                  | shaped body. [potion of mutation]
 12905 | D:12     | Gained mutation: You have sharp toenails. [potion of
                  | mutation]
 12906 | D:12     | Lost mutation: You have sharp toenails. [potion of
                  | mutation]
 12906 | D:12     | Lost mutation: Armour fits poorly on your strangely shaped
                  | body. [potion of mutation]
 12906 | D:12     | Gained mutation: You are partially covered in iridescent
                  | scales. (AC +2) [potion of mutation]
 12906 | D:12     | Gained mutation: You are agile. (Dex +2) [potion of
                  | mutation]
 13244 | D:12     | Found a portal to a secret trove of treasure.
 13494 | D:13     | Reached skill level 5 in Spellcasting
 13534 | D:13     | Noticed a centaur warrior
 13536 | D:13     | Noticed a six-headed hydra
 13543 | D:13     | Killed a centaur warrior
 13546 | D:13     | Killed a six-headed hydra
 13584 | D:13     | Noticed a centaur warrior
 13595 | D:13     | Killed a centaur warrior
 13607 | D:13     | Noticed a tengu warrior
 13613 | D:13     | Killed a tengu warrior
 13995 | D:13     | Noticed a five-headed hydra
 14003 | D:13     | Killed a five-headed hydra
 14006 | D:13     | Found Bychiz's Book Shop.
 14411 | D:14     | Reached ***** piety under Wu Jian
 14522 | D:14     | Noticed a centaur warrior
 14528 | D:14     | Killed a centaur warrior
 14529 | D:14     | Reached XP level 13. HP: 99/99 MP: 22/22
 14825 | D:14     | Reached skill level 17 in Hexes
 15047 | D:14     | Found a large runed translucent door.
 15047 | D:14     | Found a large runed translucent door.
 15146 | D:14     | Reached skill level 10 in Fighting
 15195 | D:14     | Reached skill level 18 in Hexes
 15832 | D:8      | Killed SirDiesAlot's ghost
 15984 | Lair:1   | Entered Level 1 of the Lair of Beasts
 16506 | Lair:1   | Reached skill level 19 in Hexes
 16778 | Lair:1   | Reached skill level 1 in Armour
 17341 | Lair:2   | Reached XP level 14. HP: 51/90 MP: 13/23
 17516 | Lair:2   | Reached ****** piety under Wu Jian
 18383 | Orc:1    | Entered Level 1 of the Orcish Mines
 18612 | Orc:2    | Entered Level 2 of the Orcish Mines
 18757 | Orc:2    | Found a staircase to the Elven Halls.
 19217 | Orc:1    | Noticed Erolcha
 19223 | Orc:1    | Killed Erolcha
 19684 | Orc:2    | Reached skill level 20 in Hexes
 19695 | Orc:2    | Found Sontavoa's Distillery.
 19695 | Orc:2    | Found Xacwin's General Store.
 19698 | Orc:2    | Found Gilehekle's Distillery.
 19698 | Orc:2    | Found Vyecao's Distillery.
 19774 | Orc:2    | Bought a potion of mutation for 112 gold pieces
 19774 | Orc:2    | Bought a potion of heal wounds for 70 gold pieces
 19775 | Orc:2    | Bought a +0 kite shield for 58 gold pieces
 19776 | Orc:2    | Bought a potion of heal wounds for 65 gold pieces
 19776 | Orc:2    | Bought a potion of heal wounds for 65 gold pieces
 19776 | Orc:2    | Bought a potion of heal wounds for 65 gold pieces
 19776 | Orc:2    | Bought a potion of mutation for 104 gold pieces
 20010 | D:11     | Bought 2 scrolls of blinking for 270 gold pieces
 20010 | D:11     | Bought a scroll of blinking for 135 gold pieces
 20858 | Lair:2   | Found a hole to the Spider Nest.
 21434 | Lair:3   | Reached XP level 15. HP: 94/94 MP: 27/27
 22319 | Lair:4   | Found a large runed translucent door.
 22319 | Lair:4   | Found a large runed translucent door.
 22321 | Lair:4   | Noticed Fiha's ghost (journeyman VSTm)
 22339 | Lair:4   | Killed Fiha's ghost
 22609 | Lair:4   | Reached skill level 21 in Hexes
 22666 | Lair:4   | Found a staircase to the Swamp.
 22855 | Lair:5   | Found a staircase to the Slime Pits.
 23217 | Lair:5   | Reached skill level 10 in Shields
 23373 | Lair:5   | Noticed Snorg
 23398 | Lair:5   | Noticed Rupert
 23425 | Lair:5   | Killed Rupert
 23426 | Lair:5   | Reached XP level 16. HP: 94/100 MP: 22/28
 23535 | Lair:5   | Killed Snorg
 23972 | Lair:6   | Entered Level 6 of the Lair of Beasts
 24812 | Lair:6   | Learned a level 1 spell: Summon Small Mammal
 25182 | Lair:6   | Reached skill level 1 in Summonings
 26227 | D:13     | Bought a book of Hexes for 576 gold pieces
 26232 | D:13     | Learned a level 4 spell: Cause Fear
 26241 | D:13     | Learned a level 8 spell: Discord
 26398 | D:14     | Found a gate to the Vaults.
 26872 | D:14     | Paralysed by an air elemental for 1 turns
 26975 | D:15     | Entered Level 15 of the Dungeon
 27113 | D:15     | Noticed Kirke
 27130 | D:15     | Killed Kirke
 27262 | D:15     | Reached skill level 15 in Stealth
 27439 | D:15     | Paralysed by an ogre mage for 2 turns
 27583 | D:15     | Found a staircase to the Depths.
 27588 | D:15     | Paralysed by a great orb of eyes for 5 turns
 28135 | Spider:1 | Entered Level 1 of the Spider Nest
 29497 | Spider:2 | You are sucked into a shaft and drop 1 floor!
 29500 | Spider:3 | Reached XP level 17. HP: 106/106 MP: 30/30
 29755 | Spider:2 | Reached skill level 5 in Summonings
 30024 | Spider:2 | Reached skill level 10 in Spellcasting
 32239 | Spider:2 | Slain by a jumping spider

Illustrated notes

Levels and vault maps discovered:
D:1:      dpeg_arrival_subterranean_lakeside_camping, layout_loops_ring,
          minmay_misc_feat_doors
D:2:      layout_basic, serial_shops, nicolae_shop_hallway_plus
D:3:      minmay_goblin_kobold_castle, layout_rooms, minitemple, serial_shops,
          nicolae_square_shop, nrook_campfire, uniq_crazy_yiuf_cottage,
          uniq_sigmund
D:4:      layout_basic, minmay_puff
D:5:      layout_basic, minmay_temple_entry_offerings,
          minmay_hollow_rounded_squares
D:6:      layout_basic, serial_glass, glass_columns_c, glass_columns_b,
          chequers_mini_garden
D:7:      layout_rooms, minmay_bent, uniq_menkaure
D:8:      layout_gridville, gammafunk_ghost_stat_death, minmay_misc_feat_room,
          uniq_pikel
D:9:      layout_basic
D:10:     nzn_winding_woodlands_medium [nzn_winding_woodlands_5x5_default,
          nzn_winding_woodlands_5x15_parted,
          nzn_winding_woodlands_5x5_open_star, nzn_winding_woodlands_5x5_three,
          nzn_winding_woodlands_center_garden,
          nzn_winding_woodlands_5x5_default, nzn_winding_woodlands_5x5_default,
          nzn_winding_woodlands_5x15_pathside_ponds,
          nzn_winding_woodlands_5x5_checkerboard], layout_grid_maze,
          lair_entry_dummy, kennysheep_generic_room_15
D:11:     layout_irregular_city, ebering_ghost_xom, serial_shops,
          nicolae_shop_hallway_stairs, uniq_maurice
D:12:     layout_gridville, enter_trove_6
D:13:     layout_roguey, serial_shops, nicolae_shop_stone,
          hangedman_abyss_or_decor_stabs, minmay_stone_trees_small,
          minmay_misc_feat_cross
D:14:     layout_basic, hangedman_vaults_entry_quadrant_bands,
          bh_walls_and_bars, lightli_elemental_guards
D:15:     gammafunk_enter_depths_forms, layout_long_grid, kennysheep_crisscross,
          uniq_kirke
Temple:   jpeg_temple_island
Lair:1:   beast_lair_carwin_large_4, layout_cave_pods, pond,
          lemuel_fruit_fields, lemuel_fruit_tree
Lair:2:   layout_roguey [special_room_bee],
          hellmonk_spider_entry_life_and_decay, nicolae_lair_liquid_snakes,
          serial_bayou_shore_a
Lair:3:   layout_misc_corridors, infiniplex_staircase_pool_2
Lair:4:   layout_cave_shapes, nicolae_swamp_entry_splash_gauntlet,
          ebering_ghost_disaster_area, st_stairs_7
Lair:5:   layout_cave_pods, slime_dummy, beast_lair_carwin_8, uniq_snorg,
          uniq_rupert
Lair:6:   minmay_lair_end_enchanted_forest, layout_concentric_octagons
Spider:1: layout_spider_delve
Spider:2: layout_chambers
Spider:3: layout_spider_delve
Orc:1:    layout_caves, basic_altar, uniq_erolcha
Orc:2:    st_orc_mages, layout_diamond_mine

Skill      XL: |  1  2  3  4  5  6  7  8  9 10 11 12 13 14 15 16 17 |
---------------+----------------------------------------------------+-----
Stealth        | 5 6 8 10 12 13 15 | 15.0
Short Blades   | 2 3 5 6 9 10 | 10.0
Hexes          | 5 6 7 10 12 14 15 16 19 20 21 | 21.8
Ice Magic      | 1 2 3 5 |  5.0
Dodging        | 3 4 5 6 |  6.0
Spellcasting   | 3 4 6 8 9 10 | 10.0
Fighting       | 1 3 6 8 11 12 | 12.0
Shields        | 3 5 7 9 10 12 13 | 13.2
Armour         | 1 3 |  3.0
Summonings     | 4 6 |  6.2

Action                   |  1- 3 |  4- 6 |  7- 9 | 10-12 | 13-15 | 16-18 || total
-------------------------+-------+-------+-------+-------+-------+-------++-------
Melee: Dagger            |   134 |   200 |   290 |   353 |   822 |   612 ||  2411
       Bite              |    11 |    18 |    38 |    43 |    94 |    72 ||   276
       Punch             |     1 |     1 |     2 |       |       |       ||     4
Throw: Dart              |       |       |     9 |     8 |     5 |     6 ||    28
       Throwing net      |       |       |       |     2 |       |       ||     2
 Cast: Ensorcelled Hiber |    11 |    27 |    53 |   113 |   197 |   307 ||   708
       Confusing Touch   |       |       |    13 |    15 |    22 |    30 ||    80
       Tukima's Dance    |       |       |     2 |     5 |     1 |       ||     8
       Dazzling Flash    |       |       |       |    11 |    35 |     8 ||    54
       Summon Small Mamm |       |       |       |       |       |     1 ||     1
       Cause Fear        |       |       |       |       |       |     1 ||     1
Invok: Lunge             |       |       |    13 |    61 |    99 |    72 ||   245
       Whirlwind         |       |       |     9 |    22 |    82 |    38 ||   151
       Heavenly Storm    |       |       |       |       |     1 |       ||     1
       Serpent's Lash    |       |       |       |       |     1 |     1 ||     2
 Abil: Wall Jump         |       |       |       |     1 |     1 |       ||     2
       Exsanguinate      |       |       |       |       |     2 |       ||     2
       End Transformatio |       |       |       |       |     2 |       ||     2
       Bat Form          |       |       |       |       |     2 |       ||     2
       Revivify          |       |       |       |       |     1 |       ||     1
  Use: Scroll            |       |       |    22 |     3 |     7 |     3 ||    35
       Potion            |       |       |     1 |     3 |     3 |     3 ||    10
 Stab: Sleeping          |    15 |    23 |    43 |    99 |   179 |   204 ||   563
       Confused          |       |       |    11 |    11 |    16 |    26 ||    64
       Invisible         |       |       |     1 |    12 |    29 |     6 ||    48
       Distracted        |       |       |     1 |       |     1 |     3 ||     5
       Held in net/web   |       |       |       |     2 |       |       ||     2
Armor: Robe              |    23 |    87 |    50 |       |       |       ||   160
       Leather armour    |       |       |    61 |   153 |   232 |   268 ||   714
Dodge: Dodged            |    57 |   128 |   157 |   210 |   346 |   314 ||  1212
Block: Buckler           |       |       |       |    71 |   101 |       ||   172
       Kite shield       |       |       |       |       |    72 |   412 ||   484

Table legend: (Time is in decaauts)
 A = Elapsed time spent in this place.
 B = Non-inter-level travel time spent in this place.
 C = Inter-level travel time spent in this place.
 D = Time resting spent in this place.
 E = Time spent auto-exploring this place.
 F = Levels seen in this place.
 G = Mean time per level.
                   A        B        C        D        E       F      G
               +--------+--------+--------+--------+--------+-----+--------+
         Total |  31671 |  28840 |   2831 |   3024 |  16994 |  27 | 1173.0 |
       Dungeon |  17978 |  16263 |   1715 |   1052 |  10655 |  15 | 1198.5 |
        Temple |     40 |     40 |      0 |      0 |      9 |   1 |   40.0 |
          Lair |   8013 |   7527 |    486 |   1083 |   3913 |   6 | 1335.5 |
   Spider Nest |   4071 |   3644 |    427 |    852 |   1574 |   3 | 1357.0 |
  Orcish Mines |   1567 |   1366 |    201 |     37 |    843 |   2 |  783.5 |
               +--------+--------+--------+--------+--------+-----+--------+

Top non-repeatable levels by time:
Spider:2: 2712 daAuts
    D:10: 2377 daAuts
  Lair:1: 1952 daAuts
    D:14: 1668 daAuts
     D:3: 1651 daAuts
     D:5: 1644 daAuts
  Lair:6: 1598 daAuts
  Lair:5: 1486 daAuts
  Lair:2: 1381 daAuts
    D:13: 1163 daAuts
    D:11: 1100 daAuts
Spider:1: 1066 daAuts
   Orc:2: 1052 daAuts
     D:8: 1048 daAuts
     D:4: 1029 daAuts
